[Event "41st BAN National Women Chess-ch 2022"]
[Site "Dhaka"]
[Date "2022.11.22"]
[Round "6.1"]
[White "Khan, Nazrana"]
[Black "Hamid, Rani"]
[Result "0-1"]
[ECO "E53"]
[WhiteElo "1908"]
[BlackElo "1760"]
[Annotator "TA"]
[PlyCount "62"]
[EventDate "2022.11.17"]
[EventCountry "BAN"]
[SourceTitle "playchess.com"]
[Source "ChessBase"]
[SourceQuality "1"]
[TimeControl "40/5400+30:1800+30"]

1. d4 Nf6 2. c4 e6 3. Nc3 Bb4 4. e3 O-O 5. Bd3 c5 6. Nf3 d5 7. O-O Nbd7 8. cxd5 exd5 9. a3 Bxc3 10. bxc3 c4 {[%emt 0:01:46] E53: Nimzo-Indian: Rubinstein: Main Line (4...0-0 5 Nf3 d5 6 Bd3 c5 7 0-0).} 11. Bc2 Re8 12. Bb2 Ne4 {[%emt 0:03:50] [#] The position is equal.} 13. Qe2 $146 ({Predecessor:} 13. Nd2 Nxd2 14. Qxd2 Nf6 15. f3 Bd7 16. a4 Bc6 17. Rfe1 b6 18. Re2 Qc7 19. Qe1 {0-1 (46) Schwarz,H-Kobza,A Gluecksburg 1988}) 13... Re6 14. Rab1 (14. Nd2 $14) 14... Qe7 15. Rfd1 Rh6 16. g3 ({White should play} 16. Nd2 $15) 16... Ndf6 {[%emt 0:04:43] Black is much more active.} ({Black should try} 16... Nb6 $17 {aiming for ...Bg4.} 17. Nd2 Bf5 18. Nxe4 Bxe4) 17. Ne5 $11 {[%emt 0:00:54] Prevents Bg4.} Ng5 (17... Rh3 $11 {was preferrable.}) 18. f4 $2 {[%emt 0:03:42] [#]} (18. f3 $1 $14) 18... Nh3+ (18... Nge4 19. Rdc1 $17) (18... Bg4 $1 $17 19. Qg2 (19. Nxg4 Nh3+ 20. Kh1 Nxg4 $17) 19... Nf3+ $1 20. Nxf3 Qxe3+ 21. Qf2 Qxf3) 19. Kg2 {[%emt 0:00:53] [#]} (19. Kh1 $15) 19... Ne8 $2 {[%emt 0:00:39] Pair of Knights!} (19... Ng4 $1 $19 {[%cal Oh3f4][%mdl 512] Hoping for ...Nxf4+!} 20. Rh1 (20. Nxg4 $2 Bxg4 21. Qd2 Bxd1 $19) 20... f6 $1 21. Nxg4 Bxg4) 20. Re1 (20. Bc1 $14) 20... Nd6 $2 {[%emt 0:06:44] [#]} (20... f6 $1 $15 {stays ahead.} 21. Ng4 Bxg4 22. Qxg4 Nf2) 21. Ng4 $2 (21. a4 $1 $16 {and life is bright.}) 21... Bxg4 $17 22. Qxg4 Nf2 ({And not} 22... Ne4 23. Qf5 $15) 23. Qg5 {[%emt 0:02:40] [#]} (23. Qe2 $17 Nfe4 24. Kg1) 23... Qe6 $1 $19 {[%emt 0:04:33] The board is on fire.} 24. f5 Qd7 25. Kxf2 $2 (25. Qxh6 gxh6 26. Kxf2) 25... Rxh2+ {[%emt 0:00:15] Black is clearly winning.} 26. Kg1 Rxc2 27. f6 Ne8 28. Rf1 (28. Rec1 $142 h6 29. Qf4 Rxc1+ 30. Rxc1 Nxf6 31. Rf1) 28... Qh3 29. Rf2 {[%emt 0:00:24] Prevents Qh2+.} Rxf2 30. Kxf2 Nxf6 {[%emt 0:01:33] ( -> ...Ne4+)} 31. Qh4 Qf5+ {[%emt 0:45:07] Weighted Error Value: White=1.41/Black=0.70} 0-1

[Event "41st BAN National Women Chess-ch 2022"]
[Site "Dhaka"]
[Date "2022.11.22"]
[Round "6.2"]
[White "Ahmed, Walijah"]
[Black "Jannatul, Ferdous"]
[Result "1-0"]
[ECO "B12"]
[WhiteElo "1977"]
[BlackElo "1861"]
[Annotator "TA"]
[PlyCount "63"]
[EventDate "2022.11.17"]
[EventCountry "BAN"]
[SourceTitle "playchess.com"]
[Source "ChessBase"]
[SourceQuality "1"]
[TimeControl "40/5400+30:1800+30"]

1. e4 c6 2. d4 d5 3. e5 Bf5 4. h4 h5 5. c4 e6 6. Nc3 Nd7 7. cxd5 cxd5 8. Bd3 $1 {[%emt 0:00:50] 8.Bd3 scores better than 8.Bg5. B12: Caro-Kann: Advance Variation.} Bxd3 9. Qxd3 Ne7 10. Nge2 {[%emt 0:04:03] White is slightly better.} Nf5 11. Bg5 {[%emt 0:02:01] [#]} Be7 $146 ({Predecessor:} 11... Qb6 12. f3 Rc8 13. g4 hxg4 14. fxg4 Ne7 15. O-O-O Nc6 16. Kb1 Na5 17. Rhf1 Nc4 {1-0 (35) Blackman,J (2192)-Turincio Garcia,S (2155) Chess.com INT 2020}) 12. Bxe7 (12. Nxd5 $5 Nxe5 13. dxe5 (13. Qb5+ Nc6 $11) 13... Qxd5 14. Qxd5 exd5 15. O-O-O $14) 12... Qxe7 (12... Nxe7 $11 {keeps the balance.} 13. g3 Qb6) 13. Nxd5 $1 $16 exd5 (13... Qd8 $142) 14. Qxf5 Qb4+ 15. Kf1 {[%emt 0:00:09] Hoping for Rh3.} Qxb2 {[%emt 0:02:07] [#]} 16. Rb1 $40 {[%emt 0:02:48][%mdl 128] White has strong attack.} ({White should try} 16. Re1 $1 $18) 16... Qxa2 17. e6 {[%emt 0:00:40] White is more active.} ({White should play} 17. Rh3) 17... fxe6 18. Qg6+ (18. Qxe6+ $16 Kd8 19. Re1 (19. Rc1 $2 Re8 $19)) 18... Kf8 $11 19. Rh3 Qa6 $2 (19... Rh6 $11 20. Rf3+ Kg8 21. Qf7+ Kh7) 20. Rf3+ $18 Nf6 21. Kg1 {[%emt 0:01:12] Rxf6+ would kill now.} Re8 22. Rxf6+ ({Weaker is} 22. Rg3 Re7 23. Nf4 Rh6 $14) 22... gxf6 23. Qxf6+ Kg8 {[%emt 0:00:04] [#] Black cannot hold the game after this.} 24. Rb3 {[%emt 0:00:23] Inhibits Qd3.} Kh7 (24... Qa1+ 25. Kh2) 25. Qf7+ Kh6 {[%emt 0:00:05] [#]} 26. Rf3 $1 e5 (26... Qa1+ 27. Kh2) 27. Rf6+ Qxf6 28. Qxf6+ Kh7 29. Qf5+ Kg7 30. Qg5+ (30. dxe5 $142 Rhf8 31. Qg5+ Kh8 32. Qxh5+ Kg7 33. Qg5+ Kh8 34. Nd4 b5 35. e6) 30... Kf7 31. dxe5 Rhg8 32. Qf6# {[%emt 0:00:07] Weighted Error Value: White=0.29 (precise) /Black=0.87} 1-0

[Event "41st BAN National Women Chess-ch 2022"]
[Site "Dhaka"]
[Date "2022.11.22"]
[Round "6.3"]
[White "Kazi Zarin, Tasnim"]
[Black "Noshin, Anjum"]
[Result "1/2-1/2"]
[ECO "C54"]
[WhiteElo "1860"]
[BlackElo "1907"]
[Annotator "TA"]
[PlyCount "24"]
[EventDate "2022.11.17"]
[EventCountry "BAN"]
[SourceTitle "playchess.com"]
[Source "ChessBase"]
[SourceQuality "1"]
[TimeControl "40/5400+30:1800+30"]

1. e4 {[%emt 0:00:02] Fernandez,D} e5 2. Nf3 Nc6 3. Bc4 Bc5 4. c3 Nf6 5. d4 exd4 6. cxd4 Bb4+ 7. Bd2 Bxd2+ 8. Nbxd2 d5 9. exd5 Nxd5 10. Qb3 Na5 11. Qa4+ Nc6 12. Qb3 {[%emt 0:00:12] [#]} Na5 $146 ({Predecessor:} 12... Nce7 13. O-O O-O 14. Rfe1 c6 15. Ne4 Nb6 16. Bd3 Ned5 17. Nc5 Nf6 18. Rac1 Rb8 19. Qa3 a6 20. Qb3 Qc7 21. Ne4 Nfd5 22. Nc3 Qd6 23. Be4 {½-½ (36) Jones,G (2640)-Karjakin,S (2753) Wijk aan Zee 2018 CBM 183 [Fernandez,D]}) 1/2-1/2

[Event "41st BAN National Women Chess-ch 2022"]
[Site "Dhaka"]
[Date "2022.11.22"]
[Round "6.4"]
[White "Warsia, Khusbu"]
[Black "Tasnia Tarannum, Orpa"]
[Result "0-1"]
[ECO "B12"]
[WhiteElo "1540"]
[BlackElo "1662"]
[Annotator "NA RC COMBH"]
[PlyCount "124"]
[EventDate "2022.11.17"]
[EventCountry "BAN"]
[SourceTitle "playchess.com"]
[Source "ChessBase"]
[SourceQuality "1"]
[TimeControl "40/5400+30:1800+30"]

1. e4 c6 2. d4 d5 3. e5 Bf5 4. Bd3 Bxd3 5. Qxd3 e6 6. Ne2 Nd7 7. O-O Ne7 8. Nd2 Nf5 9. c4 dxc4 10. Qxc4 Nb6 11. Qd3 Be7 12. Ne4 O-O 13. Rd1 Qc7 14. Bg5 Rad8 15. g4 Nh4 16. Nf6+ gxf6 17. exf6 Bd6 18. Bxh4 Nd5 19. Qh3 Kh8 20. Bg5 Rg8 21. Qh4 Rg6 22. Rd3 Nf4 23. Nxf4 Bxf4 24. Bxf4 Qxf4 25. h3 Rxd4 26. Rad1 Rd5 27. Qg3 Rxf6 28. Rxd5 Qxg3+ 29. fxg3 exd5 30. Rd3 Re6 31. Rb3 b6 32. Kf2 Kg7 33. Ra3 a5 34. Rb3 c5 35. Rd3 d4 36. a4 Kf6 37. Kf3 Ke5 38. b3 Kd5 39. Kf4 c4 40. bxc4+ Kxc4 41. Rd1 Kc3 42. Rc1+ Kd2 43. Rc7 d3 44. Rxf7 Rd6 45. Kf3 Kc2 46. Rc7+ Kd1 47. Kf2 h6 48. h4 d2 49. g5 hxg5 50. hxg5 Rg6 51. Rd7 Kc2 52. Rc7+ Kd1 53. Rd7 Rxg5 54. Rd4 Re5 55. g4 Re2+ 56. Kf3 Ke1 57. g5 d1=Q 58. Rxd1+ Kxd1 59. Kf4 Kc2 60. g6 Kb3 61. Kf5 Kxa4 62. g7 Rg2 0-1

[Event "41st BAN National Women Chess-ch 2022"]
[Site "Dhaka"]
[Date "2022.11.22"]
[Round "6.5"]
[White "Sabiha, Marjana"]
[Black "Nusrat Jahan, Alo"]
[Result "0-1"]
[ECO "A05"]
[WhiteElo "1267"]
[BlackElo "1710"]
[Annotator "NA COMBH"]
[PlyCount "84"]
[EventDate "2022.11.17"]
[EventCountry "BAN"]
[SourceTitle "playchess.com"]
[Source "ChessBase"]
[SourceQuality "1"]
[TimeControl "40/5400+30:1800+30"]

1. Nf3 Nf6 2. g3 c5 3. d3 d5 4. b3 Nc6 5. Bb2 e6 6. Bg2 Bd6 7. Nbd2 O-O 8. O-O h6 9. c3 e5 10. e4 d4 11. Nc4 b5 12. Nxd6 Qxd6 13. a3 Be6 14. Qc2 Rac8 15. c4 bxc4 16. bxc4 Rb8 17. Bc1 Na5 18. Nd2 Nd7 19. Rb1 Rxb1 20. Nxb1 Rb8 21. f4 f6 22. f5 Bf7 23. Nd2 Qb6 24. Bf3 Be8 25. Qd1 Nb3 26. Nxb3 Qxb3 27. Qe2 Qc3 28. Bg2 Rb3 29. Rd1 Rb1 30. Qe1 Bh5 31. Bd2 Rxd1 32. Bxc3 dxc3 33. Kf2 Rxe1 34. Kxe1 Nb6 35. Bf1 Na4 36. Be2 c2 37. Kd2 Bxe2 38. Kxc2 Kf7 39. Kd2 Bf1 40. Kc2 g6 41. fxg6+ Kxg6 42. Kd2 Nb2 0-1

[Event "41st BAN National Women Chess-ch 2022"]
[Site "Dhaka"]
[Date "2022.11.22"]
[Round "6.6"]
[White "Wadifa, Ahmed"]
[Black "Talukder, Umme Taslima Protiva"]
[Result "1-0"]
[ECO "B90"]
[WhiteElo "1656"]
[BlackElo "1780"]
[Annotator "NA RC COMBH"]
[PlyCount "63"]
[EventDate "2022.11.17"]
[EventCountry "BAN"]
[SourceTitle "playchess.com"]
[Source "ChessBase"]
[SourceQuality "1"]
[TimeControl "40/5400+30:1800+30"]

1. e4 c5 2. Nf3 d6 3. d4 cxd4 4. Nxd4 Nf6 5. Nc3 a6 6. f3 Nc6 7. Be3 e5 8. Nb3 Be7 9. Qd2 O-O 10. O-O-O Be6 11. Nd5 Bxd5 12. exd5 Nb8 13. g4 Nbd7 14. g5 Nh5 15. h4 Ng3 16. Rg1 Nxf1 17. Rdxf1 Rc8 18. h5 g6 19. Rh1 Kg7 20. Kb1 Nb6 21. f4 f5 22. gxf6+ Rxf6 23. hxg6 hxg6 24. Bxb6 Qxb6 25. f5 gxf5 26. Qg5+ Kf7 27. Qh5+ Rg6 28. Qxf5+ Bf6 29. Rh7+ Rg7 30. Qxf6+ Ke8 31. Qf8+ Kd7 32. Rxg7# 1-0

[Event "41st BAN National Women Chess-ch 2022"]
[Site "Dhaka"]
[Date "2022.11.24"]
[Round "7.1"]
[White "Talukder, Umme Taslima Protiva"]
[Black "Khan, Nazrana"]
[Result "0-1"]
[ECO "D00"]
[WhiteElo "1780"]
[BlackElo "1908"]
[Annotator "TA"]
[PlyCount "60"]
[EventDate "2022.11.17"]
[EventCountry "BAN"]
[SourceTitle "playchess.com"]
[Source "ChessBase"]
[SourceQuality "1"]
[TimeControl "40/5400+30:1800+30"]

1. d4 d5 2. Bf4 Nf6 3. e3 c5 4. dxc5 Nc6 5. c3 e5 6. Bg5 {[%emt 0:03:06] D00: 1 d4 d5: Unusual lines.} Bxc5 {[%emt 0:00:40] [#]} 7. Ne2 $146 ({Predecessor:} 7. Nf3 Be6 8. Bb5 Qc7 9. Nbd2 Be7 10. O-O O-O 11. Bxf6 Bxf6 12. e4 Rad8 13. Qe2 {1-0 (37) Zhafyarov,A (2111)-Vaishali,R (2272) Kazan 2017}) 7... O-O {[%emt 0:03:41] Strongly threatening ...d4. Black is more active.} 8. Bxf6 {[%emt 0:01:21] Black is slightly better.} gxf6 9. Qc2 {[%emt 0:02:15] [#]} (9. Nd2 $15) 9... Kh8 (9... d4 $1 $17 {[%cal Rd4d3] White must now prevent ...d3.} 10. cxd4 Nb4) 10. Nd2 $15 Rg8 11. Nb3 {[%emt 0:00:51] Prevents d4.} Bf8 12. Ng3 Be6 13. Bd3 Rg7 (13... e4 $5 14. Bb5 Qb6 $15) 14. f3 ({Better is} 14. Rd1 $11) 14... a5 {[%emt 0:04:16] And now ...a4 would win.} 15. Nh5 $2 {[%emt 0:06:52] Inhibits a4. Now White is beyond hope.} (15. O-O $15) 15... Rg5 $19 16. g4 e4 {[%emt 0:05:09] Against h3} 17. Be2 exf3 18. Bxf3 Ne5 ({Weaker is} 18... Bxg4 19. Bxg4 a4 20. Nd4 Rxg4 21. O-O-O $15) 19. Rf1 (19. Qe2 {is a better defense.}) 19... Bxg4 20. Nxf6 (20. Bxg4 $142 Nxg4 21. Nxf6 Nxf6 22. Nd4) 20... Bf5 21. e4 Qxf6 22. exf5 Nxf3+ 23. Rxf3 Bh6 $2 (23... Rg1+ 24. Kf2 Qb6+ 25. Re3 Rxa1 26. Nxa1 Re8) 24. Nd2 $2 {[%emt 0:03:48] [#]} (24. Qd3 $19 Rg2 25. Qd4 Qxd4 26. Nxd4 Re8+ 27. Kf1 Rxh2 28. Kg1 Rxb2 29. f6) 24... Qe5+ (24... Re8+ $142 25. Kf1 Reg8 26. Rg3 Rxf5+ 27. Qxf5 Qxf5+ 28. Kg2 Bxd2 29. Rxg8+ Kxg8 30. Rf1 Qe4+ 31. Kf2 Be3+ 32. Ke2 Bg5+ 33. Kf2 Qf4+ 34. Kg1 Qg4+ 35. Kf2 Bh4+ 36. Ke3 Qe4+ 37. Kd2 Bg5+ 38. Rf4 Bxf4+ 39. Kd1 Bg5 40. h3 Qd3+ 41. Ke1 Bh4#) 25. Kd1 Rg2 {[%emt 0:00:58] Black mates.} 26. b3 Qe2+ 27. Kc1 Qxf3 28. c4 Rxd2 29. Qxd2 Qc3+ 30. Kd1 Qxd2# {[%emt 0:00:12] Weighted Error Value: White=1.05/Black=0.35} 0-1

[Event "41st BAN National Women Chess-ch 2022"]
[Site "Dhaka"]
[Date "2022.11.24"]
[Round "7.2"]
[White "Nusrat Jahan, Alo"]
[Black "Wadifa, Ahmed"]
[Result "0-1"]
[ECO "B49"]
[WhiteElo "1710"]
[BlackElo "1656"]
[Annotator "NA RC COMBH"]
[PlyCount "116"]
[EventDate "2022.11.17"]
[EventCountry "BAN"]
[SourceTitle "playchess.com"]
[Source "ChessBase"]
[SourceQuality "1"]
[TimeControl "40/5400+30:1800+30"]

1. e4 c5 2. Nc3 Nc6 3. Nf3 e6 4. d4 cxd4 5. Nxd4 Qc7 6. a3 a6 7. Be3 b5 8. Be2 Bb7 9. f4 Nf6 10. e5 Nxd4 11. Bxd4 Nd5 12. Nxd5 Bxd5 13. O-O Bc5 14. c3 O-O 15. Bf3 Bxf3 16. Rxf3 d6 17. Kh1 Bxd4 18. cxd4 Rac8 19. Rc3 Qd7 20. Rac1 Rxc3 21. Rxc3 dxe5 22. fxe5 Rd8 23. Qd2 g6 24. Rd3 Qc7 25. Qc3 Qb7 26. Qa5 Rd7 27. Qe1 Qc6 28. h3 Qc4 29. Qc3 Qxc3 30. bxc3 Rc7 31. Kg1 Rc4 32. Kf2 Ra4 33. Rd2 Rxa3 34. Rc2 a5 35. Rb2 Rxc3 36. Rxb5 a4 37. Ra5 a3 38. Ra7 Rc2+ 39. Kf3 a2 40. g3 Kf8 41. Kf4 h6 42. g4 g5+ 43. Kg3 Ke8 44. h4 gxh4+ 45. Kxh4 Kd8 46. g5 hxg5+ 47. Kxg5 Kc8 48. Kf6 Rf2+ 49. Ke7 Kb8 50. Ra4 Kb7 51. Kd6 Kb6 52. d5 exd5 53. Kxd5 Kb5 54. Ra8 Kb4 55. Kd4 Kb3 56. Kd3 Kb2 57. Rb8+ Kc1 58. Ra8 Kb1 0-1

[Event "41st BAN National Women Chess-ch 2022"]
[Site "Dhaka"]
[Date "2022.11.24"]
[Round "7.3"]
[White "Tasnia Tarannum, Orpa"]
[Black "Sabiha, Marjana"]
[Result "1-0"]
[ECO "B07"]
[WhiteElo "1662"]
[BlackElo "1267"]
[Annotator "NA RC COMBH"]
[PlyCount "111"]
[EventDate "2022.11.17"]
[EventCountry "BAN"]
[SourceTitle "playchess.com"]
[Source "ChessBase"]
[SourceQuality "1"]
[TimeControl "40/5400+30:1800+30"]

1. d4 d6 2. e4 Nf6 3. Nc3 c6 4. f4 Qa5 5. Bd3 Bg4 6. Qd2 Bd7 7. e5 dxe5 8. fxe5 Nd5 9. Nf3 g6 10. O-O Be6 11. Qf2 h6 12. Bd2 Nxc3 13. bxc3 Qc7 14. Nh4 Nd7 15. a4 O-O-O 16. a5 a6 17. Rfb1 Bg7 18. Rb2 Nxe5 19. dxe5 Bxe5 20. Nf3 Bd5 21. Nxe5 Qxe5 22. Rab1 c5 23. Qxc5+ Qc7 24. Qxc7+ Kxc7 25. Bf4+ Kd7 26. Be2 g5 27. Bg3 Kc8 28. Rb4 f5 29. Bc4 Bc6 30. Be6+ Rd7 31. Bxf5 Kd8 32. Bxd7 Kxd7 33. Rd1+ Ke8 34. Rbd4 Kf7 35. Rd8 Rh7 36. Be5 Ke6 37. Bd4 Bb5 38. Re1+ Kf7 39. Bc5 Kf6 40. Rf8+ Kg6 41. g4 Bc4 42. Rxe7 Rxe7 43. Bxe7 Kg7 44. Rf2 Bd5 45. Bf8+ Kg6 46. Rd2 Bc6 47. Rd6+ Kf7 48. Bxh6 Be4 49. Bxg5 Kg8 50. Rd7 Bc6 51. Re7 Kf8 52. h4 Bf3 53. h5 Bxg4 54. h6 Bf5 55. h7 Bxh7 56. Rxh7 1-0

[Event "41st BAN National Women Chess-ch 2022"]
[Site "Dhaka"]
[Date "2022.11.24"]
[Round "7.4"]
[White "Noshin, Anjum"]
[Black "Warsia, Khusbu"]
[Result "1-0"]
[ECO "B12"]
[WhiteElo "1907"]
[BlackElo "1540"]
[Annotator "TA"]
[PlyCount "124"]
[EventDate "2022.11.17"]
[EventCountry "BAN"]
[SourceTitle "playchess.com"]
[Source "ChessBase"]
[SourceQuality "1"]
[TimeControl "40/5400+30:1800+30"]

1. e4 c6 2. d4 d5 3. e5 Bf5 4. Bd3 Bxd3 5. Qxd3 e6 6. Ne2 Nd7 7. O-O Ne7 8. Nd2 Nf5 9. c4 dxc4 {[%emt 0:00:00] The position is equal.} 10. Qxc4 Nb6 11. Qd3 Be7 12. Ne4 $1 O-O 13. Rd1 Qc7 ({Black should try} 13... Nd5 $11) 14. Bg5 (14. g4 $5 Nh4 15. Bg5 $11) 14... Rad8 (14... Nd5 {simplifies} 15. Bxe7 Qxe7 16. N2g3 Nxg3 17. Qxg3 Rad8) 15. g4 Nh4 {[%emt 0:00:00] [#]} (15... Bxg5 $14 16. gxf5 Qe7) 16. Nf6+ $1 gxf6 17. exf6 Bd6 ({Black should play} 17... Ng6 $1 $14 18. fxe7 Nxe7) 18. Bxh4 ({Better is} 18. Qh3 Nf3+ 19. Qxf3) 18... Nd5 $16 19. Qh3 (19. Qf3 $14) 19... Kh8 $11 20. Bg5 (20. Nc3 $11) 20... Rg8 $15 21. Qh4 Rg6 $1 (21... Bxh2+ $2 22. Kg2 $18) 22. Rd3 {[%emt 0:02:57] [#] Black must now prevent Rh3.} Nf4 {[%emt 0:00:00] Prevents Rh3.} 23. Nxf4 Bxf4 24. Bxf4 Qxf4 25. h3 Rxd4 26. Rad1 Rd5 (26... Qxf6 $2 27. Qxf6+ Rxf6 28. Rxd4 $18) ({And not} 26... Rxd3 27. Rxd3 Rxf6 28. Rd7 $15) 27. Qg3 Rxf6 28. Rxd5 (28. Qxf4 $17 Rxf4 29. a3) 28... Qxg3+ $19 ({Not} 28... exd5 29. Qxf4 Rxf4 30. Kg2 $17) 29. fxg3 exd5 $17 {[%emt 0:00:00][%mdl 4096] Endgame KR-KR} 30. Rd3 Re6 31. Rb3 (31. Kf2 $17 {was called for.}) 31... b6 $19 32. Kf2 Kg7 33. Ra3 a5 34. Rb3 (34. Rd3 $142) 34... c5 35. Rd3 d4 36. a4 Kf6 {[%emt 0:00:00] Hoping for ...Ke5.} 37. Kf3 $2 (37. Rf3+ Ke7 38. g5) 37... Ke5 38. b3 Kd5 39. Kf4 c4 40. bxc4+ Kxc4 41. Rd1 Kc3 (41... d3 $142 42. Kg5 Kc3 43. Rc1+ Kb3 44. Rc7 Rd6 45. Rc1 d2 46. Rd1 Kxa4 47. Kh4 Kb3 48. Kh5 Kc2 49. Rxd2+ Rxd2 50. Kh6 a4 51. Kh5 a3 52. Kg5 a2 53. Kh6 a1=Q 54. g5 Qe5 55. Kh5 Rd5 56. Kh6 Qxg5+ 57. Kxh7 Rd8 58. h4 Qg6#) 42. Rc1+ Kd2 43. Rc7 d3 {[%emt 0:01:39] Strongly threatening ...Ke1.} 44. Rxf7 Rd6 45. Kf3 Kc2 46. Rc7+ Kd1 (46... Kb3 $142 47. Rc1 d2) 47. Kf2 h6 48. h4 d2 49. g5 hxg5 50. hxg5 Rg6 51. Rd7 Kc2 (51... Rxg5 $142 52. Kf3 Kc2 53. Kf4 {[#]} Rg7 $3 54. Rxg7 d1=Q 55. Rg4 Kb3 56. Kg5 b5 57. axb5 a4 58. Rf4 a3 59. Rf2 Qc1+ 60. Kh4 a2 61. Rxa2 Kxa2 62. Kh3 Kb3 63. Kh4 Qc4+ 64. Kg5 Qxb5+ 65. Kg6 Qd3+ 66. Kg7 Qxg3+ 67. Kf7 Qd6 68. Kg8 Qd7 69. Kf8 Kc4 70. Kg8 Kd5 71. Kf8 Ke6 72. Kg8 Kf6 73. Kh8 Qg7#) 52. Rc7+ Kd1 (52... Kb3 $19 53. Ke2 Kxa4 54. Kxd2 Rxg5 55. Rc4+ Kb5) 53. Rd7 Rxg5 {[%emt 0:00:06] Black mates.} 54. Rd4 Re5 55. g4 Re2+ 56. Kf3 Ke1 57. g5 d1=Q 58. Rxd1+ Kxd1 59. Kf4 Kc2 60. g6 Kb3 61. Kf5 Kxa4 62. g7 Rg2 {[%emt 0:00:04][%mdl 32768] Weighted Error Value: White=0.57/Black=0.59. Loss on time!?} 1-0

[Event "41st BAN National Women Chess-ch 2022"]
[Site "Dhaka"]
[Date "2022.11.24"]
[Round "7.5"]
[White "Jannatul, Ferdous"]
[Black "Kazi Zarin, Tasnim"]
[Result "0-1"]
[ECO "D02"]
[WhiteElo "1861"]
[BlackElo "1860"]
[Annotator "NA RC COMBH"]
[PlyCount "80"]
[EventDate "2022.11.17"]
[EventCountry "BAN"]
[SourceTitle "playchess.com"]
[Source "ChessBase"]
[SourceQuality "1"]
[TimeControl "40/5400+30:1800+30"]

1. d4 d5 2. Bf4 Nf6 3. e3 e6 4. Nf3 Bd6 5. Bg3 c5 6. c3 Qc7 7. Ne5 Nbd7 8. f4 Ne4 9. Bh4 {[%emt 0:05:08] [#]} (9. Bd3 $11 {remains equal.}) 9... cxd4 $1 10. exd4 O-O 11. Bb5 ({Better is} 11. Nd2) 11... Nb6 12. O-O f6 13. Nd3 (13. Nd2 $17) 13... a6 14. Ba4 Nxa4 15. Qxa4 Bd7 16. Qd1 Bb5 17. Bg3 Qb6 18. Qb3 Qc6 19. Qd1 Nxg3 (19... Rac8 $19 20. a4 Bc4) 20. hxg3 e5 21. a4 Bc4 22. b3 Bxd3 23. Qxd3 exd4 24. cxd4 Rac8 25. Ra2 Rfe8 26. Re2 Rxe2 27. Qxe2 Re8 28. Qd3 Bb4 29. Kh2 Re4 30. Nd2 Bxd2 31. Qxd2 Qe8 32. Qb4 $15 b5 (32... Qd7 $1 $15 {is superior.}) 33. Rc1 Qh5+ 34. Kg1 Qe2 (34... h6 $11) 35. Rc8+ $2 {[%emt 0:01:35] [#]} (35. Qc5 $14 {stays ahead.}) 35... Kf7 $1 ({Not} 35... Re8 36. Qc5 $11) 36. Qf8+ $2 ({Not} 36. Kh2 $2 Qh5+ 37. Kg1 Qd1+ 38. Kh2 Re1 $19) (36. axb5 axb5 37. f5 (37. Kh2 $2 Qh5+ 38. Kg1 Qd1+ 39. Kh2 Re1 $19) 37... Qd1+ 38. Kh2 Qh5+ 39. Kg1 Qxf5 40. Rc7+ Kg6 41. Re7 (41. Qf8 $2 {gets mated.} Re1+ 42. Kh2 Qh5#)) 36... Kg6 37. Qb4 Qd1+ 38. Kh2 Re1 39. f5+ Kxf5 40. g4+ Kxg4 0-1